 Dungeon Crawl Stone Soup version 0.27.1-33-g824d729ab1 (webtiles) character file.

Game seed: 16497947067672304807

298 Destapler the Skirmisher (level 6, -7/48 HPs)
             Began as a Demonspawn Chaos Knight on Dec 1, 2021.
             Was a Plaything of Xom.
             Mangled by an ogre (23 damage)
             ... on level 5 of the Dungeon.
             The game lasted 00:11:07 (3552 turns).

Destapler the Skirmisher (Demonspawn Chaos Knight)  Turns: 3552, Time: 00:11:08

Health: -7/48      AC: 11    Str: 12    XL:     6   Next: 13%
Magic:  6/6        EV: -1    Int: 18    God:    Xom [*.....]
Gold:   74         SH:  5    Dex: 20    Spells: 6/6 levels left

rFire    . . .     SeeInvis .   a - +1 falchion (chaos)
rCold    . . .     Faith    .   d - +0 buckler
rNeg     . . .     Spirit   .   s - +2 crystal plate armour
rPois    .         Reflect  .   (no helmet)
rElec    .         Harm     .   (no cloak)
rCorr    .         Rampage  .   (no gloves)
Will     .....                  k - +0 pair of boots
Stlth    ..........             (no amulet)
HPRegen  1.16/turn              r - +6 ring of dexterity
MPRegen  0.10/turn              (no ring)

@: unable to read
A: talons 1, spiny 2, big brain 1, clever 1, deformed body, regeneration 1,
screaming 2, inability to read while threatened
a: Renounce Religion


You were on level 5 of the Dungeon.
You worshipped Xom.
You were a special plaything of Xom.
You visited 1 branch of the dungeon, and saw 5 of its levels.

You collected 160 gold pieces.
You spent 86 gold pieces at shops.

Inventory:

Hand Weapons
 a - a +1 falchion of chaos (weapon)
Armour
 b - a +2 leather armour
 d - a +0 buckler (worn)
 k - a +0 pair of boots (worn)
 s - a +2 crystal plate armour (worn)
Jewellery
 r - a +6 ring of dexterity (left hand)
Wands
 t - a wand of paralysis (3)
Scrolls
 c - 3 scrolls of identify
 h - 5 scrolls of teleportation
 l - 2 scrolls of vulnerability
 m - 2 scrolls of blinking
Potions
 e - a potion of ambrosia {unknown}
 f - a potion of heal wounds
 g - a potion of might {unknown}
 i - 2 potions of haste
 j - a potion of resistance {unknown}
 n - a potion of berserk rage {unknown}
 o - 2 potions of curing {unknown}
 p - a potion of brilliance {unknown}
 q - a potion of magic {unknown}


   Skills:
 + Level 4.0 Fighting
 + Level 3.5 Long Blades
 + Level 2.9 Armour
 + Level 2.3 Dodging
 * Level 2.6 Shields
 + Level 0.5 Spellcasting


You had 6 spell levels left.
You didn't know any spells.
Your spell library contained the following spells:

 Spells                   Type           Power      Damage    Failure   Level
 Corona                   Hex            0%         N/A       100%        1
 Foxfire                  Conj/Fire      0%         2x1d4     100%        1
 Magic Dart               Conj           0%         1d3       100%        1
 Call Imp                 Summ           0%         N/A       100%        2
 Ensorcelled Hibernation  Hex/Ice        0%         N/A       100%        2
 Conjure Flame            Conj/Fire      0%         6-21      100%        3
 Inner Flame              Hex/Fire       0%         N/A       100%        3
 Mephitic Cloud           Conj/Pois/Air  0%         N/A       100%        3
 Tukima's Dance           Hex            0%         N/A       100%        3


Dungeon Overview and Level Annotations

Branches:
Dungeon (5/15)
 Temple: D:4-7

Altars:
Makhleb
Vehumet
Zin

Shops:
D:1 *


Innate Abilities, Weirdness & Mutations

You have sharp toenails.
You are mostly covered in sharp spines.
You have an unusually large brain. (Int +2)
Your mind is acute. (Int +2)
Armour fits poorly on your strangely shaped body.
Your natural rate of healing is unusually fast.
You frequently scream uncontrollably at your foes.
You sometimes lose the ability to read scrolls when taking damage.


Message History

Your shield and crystal plate armour prevent you from hitting Ijyb.
Ijyb is moderately wounded.
Ijyb is struck by your spines. Ijyb hits you but does no damage.
You hit Ijyb but do no damage.
Ijyb is poisoned.
Ijyb is heavily wounded.
Ijyb zaps a wand.
You resist with some effort.
You closely miss Ijyb.
Ijyb is heavily wounded.
You block Ijyb's attack. Ijyb is struck by your spines.
Ijyb hits you with a +0 dagger.
You hit Ijyb. You drain Ijyb.
Ijyb is almost dead.
Ijyb zaps a wand.
You suddenly lose the ability to move!
Ijyb hits you but does no damage. x2
You kill Ijyb!
Your Fighting skill increases to level 4!
You can move again.
t - a wand of paralysis (3)
Things that are here:
a +0 dagger; a +0 ring mail An ogre comes into view.
It is wielding a +0 giant spiked club.
Your crystal plate armour prevents you from hitting the ogre.
The ogre hits you with a +0 giant spiked club!
You hit the ogre. You freeze the ogre.
The ogre is moderately wounded. "There, this looks better."
You are now a special plaything of Xom.
The ogre hits you with a +0 giant spiked club.
You feel threatened and lose the ability to read scrolls!
You slash the ogre!
The ogre is heavily wounded.
The ogre is struck by your spines.
The ogre hits you with a +0 giant spiked club!!
* * * LOW HITPOINT WARNING * * *
A shower of butterflies erupts from you!
Your shield prevents you from hitting the ogre.
The ogre is severely wounded.
The ogre is struck by your spines.
The ogre hits you with a +0 giant spiked club!!
You die...

###.#
#...#
#.###
#.# #b#
#.# #b#
#.###b#
#b.O@b#
#######


You could see an ogre (ally target).

Vanquished Creatures
  An orc priest (D:4)
  Ijyb (D:5)
  2 iguanas
  An orc wizard (D:4)
  4 gnolls
  2 adders
  A worm (D:3)
  3 dart slugs
  2 orcs (D:4)
  5 bats
  10 endoplasms
  4 giant cockroaches
  5 goblins
  3 hobgoblins
  5 jackals (D:1)
  8 kobolds
  6 quokkas
  8 ball pythons
  4 frilled lizards
  5 rats
80 creatures vanquished.

Vanquished Creatures (collateral kills)
  A centaur skeleton (D:4)
  A ball python (D:4)
2 creatures vanquished.

Grand Total: 82 creatures vanquished

Notes
Turn   | Place    | Note
-------+----------+-------------------------------------------
     0 | D:1      | Destapler the Demonspawn Chaos Knight began the quest for
                  | the Orb.
     0 | D:1      | Reached XP level 1. HP: 18/18 MP: 1/1
    47 | D:1      | Reached skill level 1 in Dodging
    67 | D:1      | XOM: silly message
   252 | D:1      | Gained mutation: You have sharp toenails. [demonic
                  | ancestry]
   252 | D:1      | Reached XP level 2. HP: 21/24 MP: 2/2
   366 | D:1      | XOM: silly message
   399 | D:1      | XOM: silly message
   495 | D:1      | Found Konecim's Assorted Antiques.
   693 | D:1      | XOM: noise
   941 | D:1      | Gained mutation: You are partially covered in sharp spines.
                  | [demonic ancestry]
   941 | D:1      | Reached XP level 3. HP: 29/29 MP: 3/3
  1169 | D:1      | XOM: give mutations
  1169 | D:1      | Gained mutation: Your mind is acute. (Int +2) [Xom's grace]
  1169 | D:1      | Gained mutation: Your natural rate of healing is unusually
                  | fast. [Xom's grace]
  1172 | D:1      | XOM: summons 1 hostile shadow creature
  1422 | D:1      | XOM: draining
  1480 | D:2      | You fall into a shaft and drop 1 floor!
  1497 | D:3      | Found a radiant altar of Vehumet.
  1523 | D:3      | XOM: noise
  1527 | D:3      | Reached skill level 1 in Shields
  1572 | D:2      | XOM: 6-stop teleportation journey
  1656 | D:2      | Gained mutation: You are mostly covered in sharp spines.
                  | [demonic ancestry]
  1656 | D:2      | Reached XP level 4. HP: 34/35 MP: 4/4
  1885 | D:2      | XOM: noise
  2003 | D:1      | Bought a metallic sapphire potion for 16 gold pieces
  2003 | D:1      | Bought a scroll labelled TESAR FI QEVVEE for 18 gold pieces
  2003 | D:1      | Bought a smoky inky potion for 16 gold pieces
  2003 | D:1      | Bought a scroll labelled ITZIAF NODOL for 18 gold pieces
  2003 | D:1      | Bought a scroll labelled ITZIAF NODOL for 18 gold pieces
  2080 | D:3      | Found a burning altar of Makhleb.
  2080 | D:3      | Noticed a green death
  2273 | D:3      | XOM: cloud trail
  2431 | D:3      | XOM: 1-stop teleportation journey
  2669 | D:4      | XOM: butterfly on damage
  2673 | D:4      | Gained mutation: You have an unusually large brain. (Int
                  | +2) [demonic ancestry]
  2673 | D:4      | Reached XP level 5. HP: 23/42 MP: 5/5
  2691 | D:4      | XOM: summons 5 friendly demons
  2951 | D:4      | XOM: summons friendly shadow imp
  3005 | D:4      | Reached XP level 6. HP: 48/48 MP: 6/6
  3316 | D:4      | XOM: cloud trail
  3380 | D:4      | XOM: god gift: +2 crystal plate armour
  3471 | D:4      | XOM: give mutations
  3471 | D:4      | Gained mutation: You occasionally shout uncontrollably at
                  | your foes. [Xom's mischief]
  3471 | D:4      | Gained mutation: Armour fits poorly on your strangely
                  | shaped body. [Xom's mischief]
  3471 | D:4      | Gained mutation: You frequently scream uncontrollably at
                  | your foes. [Xom's mischief]
  3471 | D:4      | Gained mutation: You sometimes lose the ability to read
                  | scrolls when taking damage. [Xom's mischief]
  3484 | D:5      | Entered Level 5 of the Dungeon
  3506 | D:5      | Noticed Ijyb
  3515 | D:5      | Paralysed by Ijyb for 7 turns
  3518 | D:5      | Killed Ijyb
  3519 | D:5      | Reached skill level 4 in Fighting
  3550 | D:5      | XOM: scenery: summon butterflies
  3551 | D:5      | XOM: butterfly on damage
  3552 | D:5      | Mangled by an ogre

Illustrated notes

Levels and vault maps discovered:
D:1:      lemuel_arrival_broad_hall, layout_basic, serial_shops, shop,
          minmay_tripent
D:2:      layout_rooms
D:3:      layout_loops_ring, lemuel_round_altar, makhleb_altar_promises_db,
          vehumet_crystals, minmay_misc_feat_tiny
D:4:      layout_cave_pods
D:5:      layout_basic, minmay_temple_entry_statues_fountains,
          ebering_ghost_sewer_f, minmay_strange_pillars, uniq_grinder, uniq_ijyb

Skill      XL: |  1  2  3  4  5  6 |
---------------+-------------------+-----
Dodging        | 1 2 |  2.3
Armour         | 2 |  2.9
Long Blades    | 3 |  3.5
Shields        | 1 2 |  2.6
Fighting       | 4 |  4.0
Spellcasting   | |  0.5

Action                   |  1- 3 |  4- 6 || total
-------------------------+-------+-------++-------
Melee: Falchion          |   107 |    75 ||   182
       Kick              |    17 |     3 ||    20
  Use: Potion            |     1 |     1 ||     2
       Scroll            |       |     6 ||     6
 Stab: Sleeping          |     1 |     2 ||     3
Armor: Leather armour    |    46 |    24 ||    70
       Crystal plate arm |       |     4 ||     4
Dodge: Dodged            |    39 |    32 ||    71
Block: Buckler           |    12 |    15 ||    27
       Rpst.: Falchion   |    12 |     7 ||    19
